 Dungeon Crawl Stone Soup version 0.25-a0-194-gece12570e2 (webtiles) character file.

Game seed: 17558066456106950010, levelgen mode: deterministic

41 Goreval the Poker (level 3, -10/28 HPs)
             Began as a Merfolk Gladiator on Nov 30, 2019.
             Mangled by Sigmund
             ... wielding a +2 scythe of venom
              (13 damage)
             ... on level 2 of the Dungeon.
             The game lasted 00:01:28 (1158 turns).

Goreval the Poker (Merfolk Gladiator)               Turns: 1158, Time: 00:01:29

Health: -10/28     AC:  7    Str: 13    XL:     3   Next: 52%
Magic:  3/3        EV: 12    Int:  7    God:
Gold:   108        SH:  0    Dex: 15    Spells: 2/2 levels left

rFire    + . .     SeeInvis .   a - +0 trident
rCold    . . .     Gourm    .   (no shield)
rNeg     . . .     Faith    .   g - +0 ring mail (curse)
rPois    .         Spirit   .   c - +0 helmet
rElec    .         Reflect  .   (no cloak)
rCorr    .         Harm     .   (no gloves)
MR       .....                  k - +0 pair of boots
Stlth    +.........             (no amulet)
HPRegen  0.09/turn              (no ring)
MPRegen  0.08/turn              (no ring)

@: lethally poisoned (-10 -> -28)
A: change form in water, swift swim, stealthy swim, fire resistance 1, weak 1,
wild magic 1
a: no special abilities


You were on level 2 of the Dungeon.
You were not hungry.

You visited 1 branch of the dungeon, and saw 2 of its levels.

You collected 108 gold pieces.

Inventory:

Hand Weapons
 a - a +0 trident (weapon)
Missiles
 d - 3 throwing nets (quivered)
Armour
 b - a +0 leather armour
 c - a +0 helmet (worn)
 g - a cursed +0 ring mail (worn)
 k - a +0 pair of boots (worn)
Jewellery
 s - an uncursed ring of resist corrosion {unknown}
Scrolls
 h - 4 scrolls of identify {unknown}
 i - 2 scrolls of teleportation {unknown}
 j - 5 scrolls of amnesia {unknown}
 p - a scroll of fear {unknown}
 q - 3 scrolls of fog {unknown}
 t - a scroll of enchant armour {unknown}
 u - a scroll of remove curse {unknown}
Potions
 e - a potion of mutation
 l - a potion of degeneration {unknown}
 m - a potion of magic
 o - a potion of curing {unknown}
 r - a potion of lignification {unknown}
Comestibles
 f - 4 rations
 n - 2 chunks of flesh


   Skills:
 + Level 2.9 Fighting
 * Level 5.9 Polearms
 - Level 2.0 Throwing
 - Level 4.0 Dodging


You had 2 spell levels left.
You didn't know any spells.
Your spell library was empty.

Dungeon Overview and Level Annotations

Branches:
Dungeon (2/15)

Altars:

Annotations:
D:2 Sigmund


Innate Abilities, Weirdness & Mutations

You revert to your normal form in water.
You are very nimble and swift while swimming.
You are very stealthy in the water. (Stealth+)
Your flesh is heat resistant. (rF+)
You are weak. (Str -2)
Your spells are a little harder to cast, but a little more powerful.


Message History

Sigmund asks, "Do you like me?" Sigmund barely misses you.
It was a potion of mutation.
You feel extremely strange.
You feel resistant to heat.
You feel weaker.
You feel less in control of your magic.
* * * LOW HITPOINT WARNING * * *
You feel sick.
Okay, then.
It was a potion of magic.
Magic courses through your body.
* * * LOW HITPOINT WARNING * * *
You feel sick. Sigmund hits you but does no damage.
You are more poisoned.
Attack whom?
Aim: Sigmund, wielding a +2 scythe of venom, wearing a +0 robe and carrying a wand of digging (1) (moderately wounded)
You reach to attack!
You hit Sigmund.
* * * LOW HITPOINT WARNING * * *
You feel sick.
Sigmund hits you from afar with a +2 scythe of venom!
You die...

..#.#######.#...#. #.......
...................+.......
........###.#...#.##.......
.##<###.# #.......###(.....
#.# ####.#### ##..... #.#
##.# ####...# . #.# #@..#
#....... ....#####.###..#
#.......
......†...##@#.####
#.......
#.########....%...#
#....... #.###.##.#
#....... #..# .#
.####....... #.#.# .#
.......÷.... #.##.# ..
....##.#..## ## #.. ..
.##.......# ### ##.
####.##.# . #. #.#


You could see Sigmund.

Vanquished Creatures
  An adder (D:2)
  2 dart slugs (D:1)
  A leopard gecko (D:2)
  4 bats (D:1)
  2 goblins (D:1)
  2 hobgoblins (D:1)
  7 kobolds
  A quokka (D:2)
  A ball python (D:2)
  3 frilled lizards
  4 rats (D:1)
28 creatures vanquished.

Notes
Turn   | Place    | Note
-------+----------+-------------------------------------------
     0 | D:1      | Goreval the Merfolk Gladiator began the quest for the Orb.
     0 | D:1      | Reached XP level 1. HP: 16/16 MP: 1/1
   162 | D:1      | Reached skill level 5 in Polearms
   162 | D:1      | Reached XP level 2. HP: 20/23 MP: 2/2
   484 | D:1      | Reached XP level 3. HP: 28/28 MP: 3/3
  1147 | D:2      | Noticed Sigmund
  1156 | D:2      | Gained mutation: Your flesh is heat resistant. (rF+)
                  | [potion of mutation]
  1156 | D:2      | Gained mutation: You are weak. (Str -2) [potion of
                  | mutation]
  1156 | D:2      | Gained mutation: Your spells are a little harder to cast,
                  | but a little more powerful. [potion of mutation]
  1158 | D:2      | Mangled by Sigmund

Levels and vault maps discovered:
D:1:      nzn_arrival_crosshair, layout_basic, minmay_tetromino_i4
D:2:      layout_loops_corners, tso_oasis_becter, minmay_between, uniq_sigmund

Skill      XL: |  1 |
---------------+----+-----
Polearms       | 5 |  5.9
Fighting       | |  2.9
Throwing       | |  2.0
Dodging        | |  4.0

Action                   || total
-------------------------++-------
Melee: Trident           ||    80
  Use: Potion            ||     2
  Eat: Chunk             ||     1
Armor: Leather armour    ||    10
       Ring mail         ||     9
Dodge: Dodged            ||    34

Table legend:
 A = Non-vault XP
 B = Vault XP
 C = Vault XP percentage of total XP
 D = Non-vault monster count
 E = Vault monster count
 F = Vault count percentage of total count
                 A         B        C        D         E       F
            +---------+---------+-------+---------+---------+-------
      Total |      54 |       5 |   8.5 |      24 |       4 |  14.3
            +---------+---------+-------+---------+---------+-------
        D:1 |      29 |       5 |  14.7 |      16 |       4 |  20.0
        D:2 |      25 |       0 |   0.0 |       8 |       0 |   0.0
            +---------+---------+-------+---------+---------+-------
